Flyers vs Predators

Created - 1 mars 2016 at 19:09

Goals
1 2 3 T
Flyers 1 1 0 2
Predators 1 2 1 4
Shots
1 2 3 T
Flyers 16 9 6 31
Predators 8 12 10 30

1st period

1. Predators , Andrei Markov 3 (Josef Vasicek, Barret Jackman) at 13:23
2. Flyers , Jeff Carter 26 (Alexei Morozov) at 17:58

Penalties :
No Penalty

2nd period

3. Predators , Alexander Ovechkin 31 (Frans Nielsen, Ryan Mcdonagh) at 1:25
4. Flyers , Jeff Carter 27 (Dany Heatley) at 1:53
5. Predators , Kris Vernarsky 14 (Alexander Steen) at 8:43 (PP)

Penalties :
Dany Heatley (Phi) for Hooking (Minor) at 8:06, Frans Nielsen (Nas) for Holding (Minor) at 9:24, Rostislav Olesz (Phi) for Roughing (Minor) at 12:14

3rd period

6. Predators , Alexander Ovechkin 32 (Adam Burish, Ryan Mcdonagh) at 2:25

Penalties :
Frans Nielsen (Nas) for Hooking (Minor) at 8:23, Kyle Wellwood (Phi) for Interference (Minor) at 11:34, Alexander Ovechkin (Nas) for Holding (Minor) at 16:40, Brett Clark (Nas) for High sticking (Minor) at 18:48

Goalie Stats

Robin Lehner (Phi), 26 saves from 30 shots - (0,867), L, 15-10-4, 60:00 minutes
Maxime Daigneault (Nas), 29 saves from 31 shots - (0,935), W, 23-13-4, 60:00 minutes

Players Stats for Flyers

Player Name              G  A  P  +/- PIM S  H  SB GA TA FO     MP     PP MP  PK MP  
------------------------------------------------------------------------------------
Alexei Morozov           0  1  1   1  0   5  1  2  1  0  2/2    18:48   3:47   0:00 
Dany Heatley             0  1  1   1  2   1  3  0  1  0  0/1    20:22   3:47   1:35 
James Wisniewski         0  0  0  -1  0   0  1  1  0  0  0/0     8:40   0:20   0:00 
Jeff Carter              2  0  2   1  0   6  0  0  0  0  11/27  20:27   3:47   1:21 
Jeff O'Neill             0  0  0   0  0   0  1  0  0  0  1/2     8:31   0:19   0:00 
Jeff Woywitka            0  0  0   2  0   0  3  2  0  0  0/0    26:30   4:07   2:57 
Jonathan Ericsson        0  0  0   2  0   1  2  1  2  2  0/0    26:30   4:07   2:57 
Kyle McLaren             0  0  0  -1  0   0  1  0  0  0  0/0    10:58   0:20   1:38 
Kyle Wellwood            0  0  0   0  2   0  2  2  1  0  12/17  19:45   3:02   0:19 
Loui Eriksson            0  0  0   0  0   3  3  0  2  0  2/2    18:46   3:02   0:00 
Matt Smaby               0  0  0  -2  0   2  1  0  1  1  0/0    24:50   2:41   1:38 
Matthew Lombardi         0  0  0  -2  0   5  0  1  0  1  4/6    11:57   0:00   2:55 
Michel Ouellet           0  0  0   0  0   1  0  0  2  0  1/1    12:07   0:19   2:55 
Mike York                0  0  0   0  0   2  1  0  0  0  0/0     8:54   0:19   0:05 
Patrick Marleau          0  0  0   0  0   1  2  2  0  0  1/2    18:46   3:02   0:00 
Pavel Kubina             0  0  0  -2  0   1  2  1  0  1  0/0    22:32   2:41   0:00 
Rostislav Olesz          0  0  0  -2  2   2  1  0  0  0  1/1     8:38   0:00   0:00 
Shane Doan               0  0  0  -2  0   1  1  0  0  0  0/0     8:21   0:00   0:00 

Players Stats for Predators

Player Name              G  A  P  +/- PIM S  H  SB GA TA FO     MP     PP MP  PK MP  
------------------------------------------------------------------------------------
Adam Burish              0  1  1   0  0   3  3  0  0  0  1/1    20:07   2:29   1:14 
Alexander Edler          0  0  0  -1  0   1  1  4  0  2  0/0    18:28   1:43   0:15 
Alexander Ovechkin       2  0  2   0  2   8  1  0  1  0  1/1    23:00   2:20   3:01 
Alexander Steen          0  1  1   0  0   2  0  0  1  0  0/0    17:22   2:06   1:39 
Andrei Markov            1  0  1   1  0   2  0  1  1  0  0/0    11:22   0:00   0:00 
Barret Jackman           0  1  1   1  0   0  1  1  0  1  0/0    15:30   0:00   2:56 
Brett Clark              0  0  0  -1  2   1  4  3  0  1  0/0    19:26   1:43   2:20 
Chris Kelly              0  0  0   0  0   1  2  1  0  0  0/1    15:45   0:00   2:07 
Christian Ehrhoff        0  0  0   1  0   1  0  2  0  1  0/0    26:17   2:52   4:12 
Eric Nystrom             0  0  0   1  0   1  1  0  0  1  0/0     9:22   0:00   0:00 
Erik Rasmussen           0  0  0   0  0   0  0  0  1  0  1/4    10:31   0:00   2:08 
Frans Nielsen            0  1  1   0  4   3  2  1  0  0  10/29  19:43   2:29   0:00 
James Van Riemsdyk       0  0  0   0  0   1  4  0  0  0  0/0    10:03   2:06   0:18 
Jeremy Williams          0  0  0   1  0   0  2  0  0  0  0/0     9:22   0:00   0:00 
Josef Vasicek            0  1  1   1  0   0  0  0  0  0  3/7    13:50   0:09   3:49 
Kris Vernarsky           1  0  1   0  0   4  0  0  0  0  10/18  15:43   2:06   0:00 
Ryan Keller              0  0  0   0  0   0  0  0  0  0  0/0     8:01   0:00   0:00 
Ryan Mcdonagh            0  2  2   1  0   2  2  2  1  4  0/0    28:56   2:52   4:33 

3 Stars

1 - Jeff Carter (Phi)
2 - Alexander Ovechkin (Nas)
3 - Ryan Mcdonagh (Nas)

Power Play

Flyers - 0 on 4 Attempt(s) - 0,00%
Predators - 1 on 3 Attempt(s) - 33,33%

Penalty Kill

Flyers - 2 on 3 Attempt(s) - 66,67% - Score 0 goal in Penalty Kill
Predators - 4 on 4 Attempt(s) - 100,00% - Score 0 goal in Penalty Kill

Team Stat

Flyers - Hits : 25 - Faceoff Wins : 35 - Blocked Shots : 12 - Penalty Minutes : 6
Predators - Hits : 23 - Faceoff Wins : 26 - Blocked Shots : 15 - Penalty Minutes : 8

Official

Referees : Ciamaga Chris and Sutherland Kelly
Linesman : Mark Shewchyk and Steve Barton

Game Notes

No Game Note

Finance

Level 1 -- Attendance: 5187 (86,45%) -- Ticket Income 440 895 $
Level 2 -- Attendance: 5000 (100,00%) -- Ticket Income 250 000 $
Level 3 -- Attendance: 2000 (100,00%) -- Ticket Income 60 000 $
Level 4 -- Attendance: 4000 (100,00%) -- Ticket Income 88 000 $
Luxury Box -- Attendance: 752 (75,20%) -- Ticket Income 131 600 $
Game was played at the Wildcat center.
Total Attendance: 16939 (94,11%)
Total Ticket Income: 970 495 $
Other Income: 145 574 $
Total Income: 1 116 069 $

Flyers

5 vs 5 Forward 
   Center                   Left Wing                Right Wing               Time % Phy DF OF 
 1 Jeff Carter              Dany Heatley             Alexei Morozov           35     1   0  4  
 2 Kyle Wellwood            Patrick Marleau          Loui Eriksson            35     0   0  5  
 3 Matthew Lombardi         Rostislav Olesz          Shane Doan               15     0   3  2  
 4 Jeff O'Neill             Mike York                Michel Ouellet           15     0   3  2  

5 vs 5 Defense 
   Defense                  Defense                                           Time % Phy DF OF 
 1 Jeff Woywitka            Jonathan Ericsson                                 40     1   2  2  
 2 Pavel Kubina             Matt Smaby                                        40     1   2  2  
 3 James Wisniewski         Kyle McLaren                                      15     1   4  0  
 4 Jonathan Ericsson        Jeff Woywitka                                     5      1   2  2  

PowerPlay Forward 
   Center                   Left Wing                Right Wing               Time % Phy DF OF 
 1 Jeff Carter              Dany Heatley             Alexei Morozov           50     1   2  2  
 2 Kyle Wellwood            Patrick Marleau          Loui Eriksson            50     1   2  2  

PowerPlay Defense
   Defense                  Defense                                           Time % Phy DF OF 
 1 Jonathan Ericsson        Jeff Woywitka                                     50     1   2  2  
 2 Pavel Kubina             Matt Smaby                                        50     1   2  2  

Penalty Kill 4 Players Forward 
   Center                   Wing                     Time % Phy DF OF 
 1 Matthew Lombardi         Michel Ouellet           60     0   5  0  
 2 Kyle Wellwood            Dany Heatley             40     0   5  0  

Penalty Kill 4 Players Defense
   Defense                  Defense                  Time % Phy DF OF 
 1 Jeff Woywitka            Jonathan Ericsson        60     0   5  0  
 2 Kyle McLaren             Matt Smaby               40     0   5  0  

Penalty Kill - 3 Players Forward 
   Forward                                           Time % Phy DF OF 
 1 Matthew Lombardi                                  60     0   5  0  
 2 Kyle Wellwood                                     40     0   5  0  

Penalty Kill - 3 Players Defense
   Defense                  Defense                  Time % Phy DF OF 
 1 Alexei Morozov           Jeff Woywitka            60     0   5  0  
 2 Matt Smaby               Kyle McLaren             40     0   5  0  

4 vs 4 Forward 
   Center                   Wing                     Time % Phy DF OF 
 1 Jeff Carter              Dany Heatley             50     1   2  2  
 2 Kyle Wellwood            Patrick Marleau          50     1   2  2  

4 vs 4 Defense
   Defense                  Defense                  Time % Phy DF OF 
 1 Jonathan Ericsson        Jeff Woywitka            50     1   2  2  
 2 Matt Smaby               Pavel Kubina             50     1   2  2  

Last Minutes Offensive
   Center                   Left Wing                Right Wing               Defense                  Defense                  
   Jeff Carter              Dany Heatley             Alexei Morozov           Pavel Kubina             Jeff Woywitka            

Last Minutes Defensive
   Center                   Left Wing                Right Wing               Defense                  Defense                  
   Matthew Lombardi         Dany Heatley             Loui Eriksson            Jeff Woywitka            Jonathan Ericsson        

Goaltenders
Starting : Robin Lehner             
Backup : Cory Schneider           

Extra Forwards
Normal : Jeff Carter, Kyle Wellwood, Patrick Marleau - PP : Jeff Carter, Kyle Wellwood - PK : Matthew Lombardi
Extra Defensemen
Normal : Jonathan Ericsson, Jeff Woywitka, Pavel Kubina - PP : Jonathan Ericsson - PK : Jeff Woywitka, Jonathan Ericsson
Penalty Shots
Patrick Marleau, Dany Heatley, Alexei Morozov, Jeff Carter, Loui Eriksson

Predators

5 vs 5 Forward 
   Center                   Left Wing                Right Wing               Time % Phy DF OF 
 1 Frans Nielsen            Alexander Ovechkin       Adam Burish              40     1   2  2  
 2 Kris Vernarsky           Alexander Steen          Chris Kelly              30     1   2  2  
 3 Josef Vasicek            Eric Nystrom             Jeremy Williams          17     1   2  2  
 4 Erik Rasmussen           James Van Riemsdyk       Ryan Keller              13     1   2  2  

5 vs 5 Defense 
   Defense                  Defense                                           Time % Phy DF OF 
 1 Christian Ehrhoff        Ryan Mcdonagh                                     40     1   2  2  
 2 Alexander Edler          Brett Clark                                       30     1   2  2  
 3 Andrei Markov            Barret Jackman                                    20     1   2  2  
 4 Ryan Mcdonagh            Alexander Edler                                   10     1   2  2  

PowerPlay Forward 
   Center                   Left Wing                Right Wing               Time % Phy DF OF 
 1 Frans Nielsen            Alexander Ovechkin       Adam Burish              60     2   1  2  
 2 Kris Vernarsky           Alexander Steen          James Van Riemsdyk       40     1   1  3  

PowerPlay Defense
   Defense                  Defense                                           Time % Phy DF OF 
 1 Christian Ehrhoff        Ryan Mcdonagh                                     60     1   1  3  
 2 Alexander Edler          Brett Clark                                       40     1   1  3  

Penalty Kill 4 Players Forward 
   Center                   Wing                     Time % Phy DF OF 
 1 Josef Vasicek            Alexander Ovechkin       60     1   2  2  
 2 Chris Kelly              Adam Burish              40     1   2  2  

Penalty Kill 4 Players Defense
   Defense                  Defense                  Time % Phy DF OF 
 1 Christian Ehrhoff        Ryan Mcdonagh            60     1   2  2  
 2 Brett Clark              Barret Jackman           40     1   2  2  

Penalty Kill - 3 Players Forward 
   Forward                                           Time % Phy DF OF 
 1 Josef Vasicek                                     60     1   2  2  
 2 Erik Rasmussen                                    40     1   2  2  

Penalty Kill - 3 Players Defense
   Defense                  Defense                  Time % Phy DF OF 
 1 Christian Ehrhoff        Ryan Mcdonagh            60     1   2  2  
 2 Brett Clark              Barret Jackman           40     1   2  2  

4 vs 4 Forward 
   Center                   Wing                     Time % Phy DF OF 
 1 Frans Nielsen            Alexander Ovechkin       60     1   2  2  
 2 Josef Vasicek            Alexander Steen          40     1   2  2  

4 vs 4 Defense
   Defense                  Defense                  Time % Phy DF OF 
 1 Christian Ehrhoff        Ryan Mcdonagh            55     1   2  2  
 2 Alexander Edler          Barret Jackman           45     1   2  2  

Last Minutes Offensive
   Center                   Left Wing                Right Wing               Defense                  Defense                  
   Frans Nielsen            Alexander Ovechkin       Adam Burish              Christian Ehrhoff        Ryan Mcdonagh            

Last Minutes Defensive
   Center                   Left Wing                Right Wing               Defense                  Defense                  
   Frans Nielsen            Alexander Ovechkin       Adam Burish              Brett Clark              Ryan Mcdonagh            

Goaltenders
Starting : Maxime Daigneault        
Backup : Ray Emery                

Extra Forwards
Normal : Alexander Steen, Alexander Ovechkin, Josef Vasicek - PP : Alexander Steen, Josef Vasicek - PK : Erik Rasmussen
Extra Defensemen
Normal : Brett Clark, Ryan Mcdonagh, Christian Ehrhoff - PP : Ryan Mcdonagh - PK : Brett Clark, Ryan Mcdonagh
Penalty Shots
Alexander Ovechkin, Frans Nielsen, Alexander Steen, Josef Vasicek, Christian Ehrhoff

% Time on Ice - Flyers

Lines # - Real PCT - Wanted PCT - Time Play
Normal Forward
1 - 33% - 35% - 16:00
2 - 33% - 35% - 15:44
3 - 17% - 15% - 8:21
4 - 17% - 15% - 8:12
Normal Defense
1 - 38% - 40% - 18:15
2 - 43% - 40% - 20:32
3 - 17% - 15% - 8:19
4 - 2% - 5% - 1:11
PP Forward
1 - 57% - 50% - 4:06
2 - 43% - 50% - 3:02
PP Defense
1 - 58% - 50% - 4:07
2 - 42% - 50% - 3:01
PK Forward
1 - 81% - 60% - 3:43
2 - 19% - 40% - 0:52
PK Defense
1 - 64% - 60% - 2:57
2 - 36% - 40% - 1:38
PK3 Forward
1 - 0% - 60%
2 - 0% - 40%
PK3 Defense
1 - 0% - 60%
2 - 0% - 40%
44 Forward
1 - 0% - 50%
2 - 0% - 50%
44 Defense
1 - 0% - 50%
2 - 0% - 50%
Last Minute Offensive  - 0:00
Last Minute Defensive  - 0:00
Total
Forward - 60:00
Defense - 60:00

% Time on Ice - Predators

Lines # - Real PCT - Wanted PCT - Time Play
Normal Forward
1 - 36% - 40% - 17:17
2 - 28% - 30% - 13:37
3 - 19% - 17% - 9:22
4 - 17% - 13% - 8:01
Normal Defense
1 - 40% - 40% - 19:13
2 - 32% - 30% - 15:24
3 - 24% - 20% - 11:22
4 - 5% - 10% - 2:18
PP Forward
1 - 54% - 60% - 2:29
2 - 46% - 40% - 2:06
PP Defense
1 - 63% - 60% - 2:52
2 - 37% - 40% - 1:43
PK Forward
1 - 83% - 60% - 5:54
2 - 17% - 40% - 1:14
PK Defense
1 - 59% - 60% - 4:12
2 - 41% - 40% - 2:56
PK3 Forward
1 - 0% - 60%
2 - 0% - 40%
PK3 Defense
1 - 0% - 60%
2 - 0% - 40%
44 Forward
1 - 0% - 60%
2 - 0% - 40%
44 Defense
1 - 0% - 55%
2 - 0% - 45%
Last Minute Offensive  - 0:00
Last Minute Defensive  - 0:00
Total
Forward - 60:00
Defense - 60:00

Play by Play

1st period


0:01 of 1st period - Frans Nielsen wins face-off versus Jeff Carter in neutral zone.
0:18 of 1st period - Jeff Woywitka is hit by Adam Burish.
0:40 of 1st period - Wrist shot by Loui Eriksson.
0:40 of 1st period - Stopped by Maxime Daigneault with a rebound.
1:43 of 1st period - Snap shot by Alexander Ovechkin.
1:43 of 1st period - Deflect By Alexei Morozov.
1:43 of 1st period - Stopped by Robin Lehner with a rebound.
1:59 of 1st period - James Wisniewski is hit by Brett Clark and loses puck.
2:06 of 1st period - Jeff Woywitka is hit by Chris Kelly and loses puck.
2:19 of 1st period - Eric Nystrom is hit by Shane Doan and loses puck.
2:38 of 1st period - Icing by Josef Vasicek.
2:39 of 1st period - Alexander Ovechkin wins face-off versus Jeff Carter in Predators zone.
2:46 of 1st period - Snap shot by Alexander Ovechkin.
2:46 of 1st period - Deflect By Kyle McLaren.
2:46 of 1st period - Shot Misses the Net.
2:46 of 1st period - Puck is out of play.
2:47 of 1st period - Frans Nielsen wins face-off versus Kyle Wellwood in Flyers zone.
2:56 of 1st period - Slapshot by Alexander Edler.
2:56 of 1st period - Shot Blocked by Kyle Wellwood.
4:44 of 1st period - Snap shot by Eric Nystrom.
4:44 of 1st period - Stopped by Robin Lehner without a rebound.
4:45 of 1st period - Jeff Carter wins face-off versus Josef Vasicek in Flyers zone.
4:52 of 1st period - Snap shot by Jeff Carter.
4:52 of 1st period - Stopped by Maxime Daigneault with a rebound.
4:54 of 1st period - Slapshot by Jeff Woywitka.
4:54 of 1st period - Shot Blocked by Ryan Mcdonagh.
4:56 of 1st period - Slapshot by Jonathan Ericsson.
4:56 of 1st period - Shot Blocked by Christian Ehrhoff.
5:00 of 1st period - Slapshot by Jeff Carter.
5:00 of 1st period - Stopped by Maxime Daigneault with a rebound.
5:12 of 1st period - Jonathan Ericsson is hit by Alexander Ovechkin and loses puck.
5:19 of 1st period - Wrist shot by Patrick Marleau.
5:19 of 1st period - Shot Misses the Net.
5:21 of 1st period - Snap shot by Matt Smaby.
5:21 of 1st period - Shot Blocked by Ryan Mcdonagh.
5:36 of 1st period - Icing by Pavel Kubina.
5:37 of 1st period - Kris Vernarsky wins face-off versus Jeff O'Neill in Flyers zone.
5:42 of 1st period - Snap shot by Alexander Steen.
5:42 of 1st period - Shot Misses the Net.
6:10 of 1st period - Snap shot by Mike York.
6:10 of 1st period - Stopped by Maxime Daigneault with a rebound.
6:12 of 1st period - Slapshot by Pavel Kubina.
6:12 of 1st period - Deflect By Chris Kelly.
6:12 of 1st period - Stopped by Maxime Daigneault with a rebound.
6:14 of 1st period - Snap shot by Matt Smaby.
6:14 of 1st period - Stopped by Maxime Daigneault with a rebound.
6:16 of 1st period - Slapshot by Matt Smaby.
6:16 of 1st period - Shot Blocked by Brett Clark.
6:18 of 1st period - Slapshot by Matt Smaby.
6:18 of 1st period - Stopped by Maxime Daigneault without a rebound.
6:19 of 1st period - Frans Nielsen wins face-off versus Jeff Carter in Predators zone.
6:28 of 1st period - Snap shot by Alexei Morozov.
6:28 of 1st period - Shot Misses the Net.
6:30 of 1st period - Slapshot by Jeff Woywitka.
6:30 of 1st period - Shot Misses the Net.
7:34 of 1st period - Snap shot by Jeff Carter.
7:34 of 1st period - Stopped by Maxime Daigneault with a rebound.
8:33 of 1st period - Kyle Wellwood is hit by Eric Nystrom and loses puck.
9:36 of 1st period - James Van Riemsdyk is hit by Rostislav Olesz and loses puck.
10:44 of 1st period - Jeremy Williams is hit by Jeff Woywitka.
10:50 of 1st period - Slapshot by Jeff O'Neill.
10:50 of 1st period - Shot Misses the Net.
11:10 of 1st period - Wrist shot by Alexander Ovechkin.
11:10 of 1st period - Stopped by Robin Lehner without a rebound.
11:11 of 1st period - Alexei Morozov wins face-off versus Frans Nielsen in Flyers zone.
11:25 of 1st period - Adam Burish is hit by Jonathan Ericsson.
11:37 of 1st period - Alexander Steen is hit by Jonathan Ericsson and loses puck.
11:44 of 1st period - Snap shot by Kyle Wellwood.
11:44 of 1st period - Shot Misses the Net.
11:48 of 1st period - Wrist shot by Patrick Marleau.
11:48 of 1st period - Shot Blocked by Alexander Edler.
12:06 of 1st period - Wrist shot by Matthew Lombardi.
12:06 of 1st period - Shot Blocked by Alexander Edler.
12:08 of 1st period - Backhand shot by Matthew Lombardi.
12:08 of 1st period - Stopped by Maxime Daigneault with a rebound.
12:18 of 1st period - Michel Ouellet is hit by Frans Nielsen and loses puck.
12:35 of 1st period - Michel Ouellet is hit by James Van Riemsdyk and loses puck.
13:05 of 1st period - Snap shot by Frans Nielsen.
13:05 of 1st period - Shot Blocked by Patrick Marleau.
13:07 of 1st period - Slapshot by Frans Nielsen.
13:07 of 1st period - Shot Blocked by Pavel Kubina.
13:23 of 1st period - Slapshot by Andrei Markov.
13:23 of 1st period - Goal by Andrei Markov - Flyers : 0 - Predators : 1.
13:24 of 1st period - Jeff Carter wins face-off versus Frans Nielsen in neutral zone.
13:29 of 1st period - Wrist shot by Alexei Morozov.
13:29 of 1st period - Deflect By Jeff Carter.
13:29 of 1st period - Shot Misses the Net.
13:29 of 1st period - Puck is out of play.
13:30 of 1st period - Adam Burish wins face-off versus Dany Heatley in Predators zone.
13:57 of 1st period - Wrist shot by Alexei Morozov.
13:57 of 1st period - Stopped by Maxime Daigneault with a rebound.
14:05 of 1st period - Slapshot by Alexander Steen.
14:05 of 1st period - Shot Misses the Net.
14:07 of 1st period - Snap shot by Christian Ehrhoff.
14:07 of 1st period - Deflect By Loui Eriksson.
14:07 of 1st period - Stopped by Robin Lehner without a rebound.
14:08 of 1st period - Kyle Wellwood wins face-off versus Frans Nielsen in Flyers zone.
14:13 of 1st period - Adam Burish is hit by Patrick Marleau and loses puck.
14:44 of 1st period - Snap shot by Alexei Morozov.
14:44 of 1st period - Shot Misses the Net.
14:46 of 1st period - Wrist shot by Dany Heatley.
14:46 of 1st period - Stopped by Maxime Daigneault with a rebound.
15:02 of 1st period - Slapshot by Rostislav Olesz.
15:02 of 1st period - Stopped by Maxime Daigneault without a rebound.
15:03 of 1st period - Loui Eriksson wins face-off versus Frans Nielsen in Predators zone.
15:06 of 1st period - Wrist shot by Patrick Marleau.
15:06 of 1st period - Shot Misses the Net.
15:18 of 1st period - Wrist shot by Alexander Ovechkin.
15:18 of 1st period - Stopped by Robin Lehner with a rebound.
15:20 of 1st period - Slapshot by Ryan Mcdonagh.
15:20 of 1st period - Deflect By Jonathan Ericsson.
15:20 of 1st period - Stopped by Robin Lehner without a rebound.
15:21 of 1st period - Kris Vernarsky wins face-off versus Jeff Carter in Flyers zone.
15:34 of 1st period - Wrist shot by Kris Vernarsky.
15:34 of 1st period - Stopped by Robin Lehner without a rebound.
15:35 of 1st period - Kyle Wellwood wins face-off versus Frans Nielsen in Flyers zone.
15:35 of 1st period - Kyle Wellwood is hit by Frans Nielsen.
16:03 of 1st period - Snap shot by Alexander Steen.
16:03 of 1st period - Shot Misses the Net.
16:15 of 1st period - Snap shot by Jeff Carter.
16:15 of 1st period - Shot Misses the Net.
16:30 of 1st period - Off-side.
16:31 of 1st period - Kyle Wellwood wins face-off versus Erik Rasmussen in neutral zone.
16:42 of 1st period - Wrist shot by Loui Eriksson.
16:42 of 1st period - Shot Misses the Net.
17:26 of 1st period - Wrist shot by Mike York.
17:26 of 1st period - Shot Blocked by Brett Clark.
17:28 of 1st period - Snap shot by Jeff O'Neill.
17:28 of 1st period - Shot Blocked by Chris Kelly.
17:48 of 1st period - Wrist shot by Patrick Marleau.
17:48 of 1st period - Shot Blocked by Alexander Edler.
17:50 of 1st period - Wrist shot by Kyle Wellwood.
17:50 of 1st period - Shot Blocked by Alexander Edler.
17:52 of 1st period - Slapshot by Patrick Marleau.
17:52 of 1st period - Stopped by Maxime Daigneault without a rebound.
17:53 of 1st period - Jeff Carter wins face-off versus Frans Nielsen in Predators zone.
17:58 of 1st period - Wrist shot by Alexei Morozov.
17:58 of 1st period - Deflect By Jeff Carter.
17:58 of 1st period - Goal by Jeff Carter - Flyers : 1 - Predators : 1.
17:59 of 1st period - Frans Nielsen wins face-off versus Jeff Carter in neutral zone.
18:12 of 1st period - Snap shot by Alexei Morozov.
18:12 of 1st period - Stopped by Maxime Daigneault without a rebound.
18:13 of 1st period - Frans Nielsen wins face-off versus Kyle Wellwood in Predators zone.
18:40 of 1st period - Ryan Mcdonagh is hit by Dany Heatley and loses puck.
19:26 of 1st period - Snap shot by Michel Ouellet.
19:26 of 1st period - Shot Misses the Net.
19:28 of 1st period - Slapshot by Mike York.
19:28 of 1st period - Stopped by Maxime Daigneault with a rebound.
Goals for this period are 1 for Flyers vs 1 for Predators.
Shots for this period are 16 for Flyers vs 8 for Predators.

2nd period


0:01 of 2nd period - Alexei Morozov wins face-off versus Frans Nielsen in neutral zone.
0:16 of 2nd period - Wrist shot by Alexander Ovechkin.
0:16 of 2nd period - Deflect By Adam Burish.
0:16 of 2nd period - Shot Misses the Net.
0:16 of 2nd period - Puck is out of play.
0:17 of 2nd period - Kris Vernarsky wins face-off versus Kyle Wellwood in Flyers zone.
0:20 of 2nd period - Snap shot by Alexander Steen.
0:20 of 2nd period - Stopped by Robin Lehner without a rebound.
0:21 of 2nd period - Kyle Wellwood wins face-off versus Kris Vernarsky in Flyers zone.
1:04 of 2nd period - Christian Ehrhoff is hit by Pavel Kubina and loses puck.
1:25 of 2nd period - Slapshot by Alexander Ovechkin.
1:25 of 2nd period - Goal by Alexander Ovechkin - Flyers : 1 - Predators : 2.
1:26 of 2nd period - Kris Vernarsky wins face-off versus Kyle Wellwood in neutral zone.
1:35 of 2nd period - Snap shot by Kris Vernarsky.
1:35 of 2nd period - Shot Blocked by Jonathan Ericsson.
1:37 of 2nd period - Wrist shot by Alexander Edler.
1:37 of 2nd period - Deflect By Jonathan Ericsson.
1:37 of 2nd period - Stopped by Robin Lehner with a rebound.
1:39 of 2nd period - Wrist shot by Chris Kelly.
1:39 of 2nd period - Stopped by Robin Lehner without a rebound.
1:40 of 2nd period - Frans Nielsen wins face-off versus Jeff Carter in Flyers zone.
1:49 of 2nd period - Snap shot by Jeff Carter.
1:49 of 2nd period - Stopped by Maxime Daigneault without a rebound.
1:50 of 2nd period - Jeff Carter wins face-off versus Frans Nielsen in Predators zone.
1:51 of 2nd period - Snap shot by Dany Heatley.
1:51 of 2nd period - Shot Misses the Net.
1:53 of 2nd period - Backhand shot by Jeff Carter.
1:53 of 2nd period - Goal by Jeff Carter - Flyers : 2 - Predators : 2.
1:54 of 2nd period - Kyle Wellwood wins face-off versus Frans Nielsen in neutral zone.
1:54 of 2nd period - Jonathan Ericsson is hit by Adam Burish and loses puck.
2:05 of 2nd period - Wrist shot by Alexander Ovechkin.
2:05 of 2nd period - Shot Blocked by Jeff Woywitka.
2:07 of 2nd period - Slapshot by Ryan Mcdonagh.
2:07 of 2nd period - Shot Misses the Net.
2:09 of 2nd period - Wrist shot by Adam Burish.
2:09 of 2nd period - Deflect By Frans Nielsen.
2:09 of 2nd period - Shot Misses the Net.
2:09 of 2nd period - Puck is out of play.
2:10 of 2nd period - Jeff Carter wins face-off versus Kris Vernarsky in Flyers zone.
2:10 of 2nd period - Jeff Carter is hit by Chris Kelly.
2:36 of 2nd period - Ryan Mcdonagh is hit by Loui Eriksson and loses puck.
2:45 of 2nd period - Slapshot by Alexander Ovechkin.
2:45 of 2nd period - Stopped by Robin Lehner without a rebound.
2:46 of 2nd period - Kyle Wellwood wins face-off versus Josef Vasicek in Flyers zone.
2:46 of 2nd period - Kyle Wellwood is hit by Jeremy Williams.
3:02 of 2nd period - Slapshot by Loui Eriksson.
3:02 of 2nd period - Stopped by Maxime Daigneault without a rebound.
3:03 of 2nd period - Jeff Carter wins face-off versus Frans Nielsen in Predators zone.
3:18 of 2nd period - Snap shot by Frans Nielsen.
3:18 of 2nd period - Shot Blocked by Alexei Morozov.
3:20 of 2nd period - Wrist shot by Alexander Ovechkin.
3:20 of 2nd period - Deflect By Frans Nielsen.
3:20 of 2nd period - Stopped by Robin Lehner without a rebound.
3:21 of 2nd period - Kyle Wellwood wins face-off versus Kris Vernarsky in Flyers zone.
4:07 of 2nd period - Icing by Matt Smaby.
4:08 of 2nd period - Erik Rasmussen wins face-off versus Matthew Lombardi in Flyers zone.
4:12 of 2nd period - Icing by Matthew Lombardi.
4:13 of 2nd period - Rostislav Olesz wins face-off versus Erik Rasmussen in Flyers zone.
4:13 of 2nd period - Rostislav Olesz is hit by James Van Riemsdyk.
4:35 of 2nd period - Slapshot by Ryan Mcdonagh.
4:35 of 2nd period - Shot Misses the Net.
4:47 of 2nd period - Backhand shot by Shane Doan.
4:47 of 2nd period - Stopped by Maxime Daigneault with a rebound.
5:03 of 2nd period - Wrist shot by Matthew Lombardi.
5:03 of 2nd period - Stopped by Maxime Daigneault without a rebound.
5:04 of 2nd period - Frans Nielsen wins face-off versus Kyle Wellwood in Predators zone.
5:16 of 2nd period - Wrist shot by Alexander Ovechkin.
5:16 of 2nd period - Stopped by Robin Lehner without a rebound.
5:17 of 2nd period - Jeff Carter wins face-off versus Frans Nielsen in Flyers zone.
6:06 of 2nd period - Jeff Woywitka is hit by Brett Clark.
6:55 of 2nd period - Wrist shot by Josef Vasicek.
6:55 of 2nd period - Shot Blocked by James Wisniewski.
7:23 of 2nd period - Snap shot by Michel Ouellet.
7:23 of 2nd period - Stopped by Maxime Daigneault without a rebound.
7:24 of 2nd period - Loui Eriksson wins face-off versus Frans Nielsen in Predators zone.
7:49 of 2nd period - Alexei Morozov is hit by Alexander Edler and loses puck.
8:00 of 2nd period - Wrist shot by Kris Vernarsky.
8:00 of 2nd period - Shot Misses the Net.
8:06 of 2nd period - Minor Penalty to Dany Heatley for Hooking.
8:07 of 2nd period - Matthew Lombardi wins face-off versus Frans Nielsen in Flyers zone.
8:16 of 2nd period - Slapshot by Alexander Ovechkin.
8:16 of 2nd period - Shot Misses the Net.
8:18 of 2nd period - Slapshot by Frans Nielsen.
8:18 of 2nd period - Stopped by Robin Lehner with a rebound.
8:20 of 2nd period - Slapshot by Christian Ehrhoff.
8:20 of 2nd period - Shot Blocked by Matthew Lombardi.
8:22 of 2nd period - Snap shot by Alexander Ovechkin.
8:22 of 2nd period - Stopped by Robin Lehner with a rebound.
8:24 of 2nd period - Slapshot by Ryan Mcdonagh.
8:24 of 2nd period - Shot Blocked by Jeff Woywitka.
8:43 of 2nd period - Slapshot by Kris Vernarsky.
8:43 of 2nd period - Goal by Kris Vernarsky - Flyers : 2 - Predators : 3.
8:44 of 2nd period - Kyle Wellwood wins face-off versus Frans Nielsen in neutral zone.
8:49 of 2nd period - Wrist shot by Kyle Wellwood.
8:49 of 2nd period - Shot Blocked by Frans Nielsen.
8:57 of 2nd period - Snap shot by Adam Burish.
8:57 of 2nd period - Stopped by Robin Lehner with a rebound.
8:59 of 2nd period - Backhand shot by Adam Burish.
8:59 of 2nd period - Stopped by Robin Lehner without a rebound.
9:00 of 2nd period - Jeff Carter wins face-off versus Kris Vernarsky in Flyers zone.
9:11 of 2nd period - Wrist shot by Alexei Morozov.
9:11 of 2nd period - Stopped by Maxime Daigneault with a rebound.
9:13 of 2nd period - Slapshot by Jeff Woywitka.
9:13 of 2nd period - Shot Blocked by Christian Ehrhoff.
9:15 of 2nd period - Wrist shot by Alexei Morozov.
9:15 of 2nd period - Stopped by Maxime Daigneault without a rebound.
9:16 of 2nd period - Kyle Wellwood wins face-off versus Frans Nielsen in Predators zone.
9:24 of 2nd period - Minor Penalty to Frans Nielsen for Holding.
9:25 of 2nd period - Josef Vasicek wins face-off versus Jeff Carter in Predators zone.
10:40 of 2nd period - Snap shot by Alexander Steen.
10:40 of 2nd period - Shot Blocked by Kyle Wellwood.
11:13 of 2nd period - Icing by Alexei Morozov.
11:14 of 2nd period - Josef Vasicek wins face-off versus Jeff Carter in Flyers zone.
11:24 of 2nd period - Penalty to Frans Nielsen is over, Frans Nielsen is back on ice.
11:25 of 2nd period - Josef Vasicek is hit by Patrick Marleau and loses puck.
12:14 of 2nd period - Minor Penalty to Rostislav Olesz for Roughing.
12:15 of 2nd period - Matthew Lombardi wins face-off versus Kris Vernarsky in Flyers zone.
13:12 of 2nd period - Snap shot by Kyle McLaren.
13:12 of 2nd period - Shot Misses the Net.
14:12 of 2nd period - James Van Riemsdyk is hit by Jeff Woywitka.
14:14 of 2nd period - Penalty to Rostislav Olesz is over, Rostislav Olesz is back on ice.
14:43 of 2nd period - Wrist shot by Loui Eriksson.
14:43 of 2nd period - Shot Misses the Net.
14:45 of 2nd period - Slapshot by Jonathan Ericsson.
14:45 of 2nd period - Shot Misses the Net.
14:47 of 2nd period - Slapshot by Jonathan Ericsson.
14:47 of 2nd period - Stopped by Maxime Daigneault with a rebound.
14:57 of 2nd period - Pavel Kubina is hit by Barret Jackman and loses puck.
15:30 of 2nd period - James Van Riemsdyk is hit by Loui Eriksson and loses puck.
16:24 of 2nd period - Alexander Ovechkin is hit by Mike York and loses puck.
16:46 of 2nd period - Pavel Kubina is hit by James Van Riemsdyk and loses puck.
17:24 of 2nd period - Kris Vernarsky is hit by James Wisniewski and loses puck.
18:04 of 2nd period - Jeff Woywitka is hit by James Van Riemsdyk and loses puck.
18:29 of 2nd period - Alexander Steen is hit by Kyle McLaren and loses puck.
19:12 of 2nd period - Andrei Markov is hit by Pavel Kubina and loses puck.
19:28 of 2nd period - Chris Kelly is hit by Dany Heatley and loses puck.
19:44 of 2nd period - Pavel Kubina is hit by Jeremy Williams and loses puck.
19:57 of 2nd period - Adam Burish is hit by Jeff Woywitka and loses puck.
Goals for this period are 1 for Flyers vs 2 for Predators.
Shots for this period are 9 for Flyers vs 12 for Predators.

3rd period


0:01 of 3rd period - Frans Nielsen wins face-off versus Jeff Carter in neutral zone.
0:14 of 3rd period - Snap shot by Jeff Carter.
0:14 of 3rd period - Shot Misses the Net.
0:34 of 3rd period - Slapshot by Alexander Steen.
0:34 of 3rd period - Deflect By Kris Vernarsky.
0:34 of 3rd period - Stopped by Robin Lehner without a rebound.
0:35 of 3rd period - Kris Vernarsky wins face-off versus Jeff Carter in Flyers zone.
0:38 of 3rd period - Wrist shot by Alexander Edler.
0:38 of 3rd period - Shot Blocked by Alexei Morozov.
0:40 of 3rd period - Snap shot by Alexander Steen.
0:40 of 3rd period - Shot Misses the Net.
1:30 of 3rd period - Wrist shot by Matthew Lombardi.
1:30 of 3rd period - Stopped by Maxime Daigneault with a rebound.
1:32 of 3rd period - Wrist shot by Matthew Lombardi.
1:32 of 3rd period - Stopped by Maxime Daigneault without a rebound.
1:33 of 3rd period - Kris Vernarsky wins face-off versus Jeff Carter in Predators zone.
2:00 of 3rd period - Jonathan Ericsson is hit by Ryan Mcdonagh and loses puck.
2:19 of 3rd period - Slapshot by Ryan Mcdonagh.
2:19 of 3rd period - Stopped by Robin Lehner with a rebound.
2:21 of 3rd period - Snap shot by Ryan Mcdonagh.
2:21 of 3rd period - Shot Misses the Net.
2:23 of 3rd period - Wrist shot by Adam Burish.
2:23 of 3rd period - Deflect By Rostislav Olesz.
2:23 of 3rd period - Stopped by Robin Lehner with a rebound.
2:25 of 3rd period - Snap shot by Alexander Ovechkin.
2:25 of 3rd period - Goal by Alexander Ovechkin - Flyers : 2 - Predators : 4.
2:26 of 3rd period - Kyle Wellwood wins face-off versus Frans Nielsen in neutral zone.
2:33 of 3rd period - Kyle Wellwood is hit by Brett Clark and loses puck.
2:40 of 3rd period - Wrist shot by Adam Burish.
2:40 of 3rd period - Shot Misses the Net.
3:59 of 3rd period - Wrist shot by Loui Eriksson.
3:59 of 3rd period - Shot Blocked by Andrei Markov.
4:15 of 3rd period - Frans Nielsen is hit by Loui Eriksson.
5:16 of 3rd period - Wrist shot by Rostislav Olesz.
5:16 of 3rd period - Stopped by Maxime Daigneault without a rebound.
5:17 of 3rd period - Jeff Carter wins face-off versus Frans Nielsen in Predators zone.
5:50 of 3rd period - Off-side.
5:51 of 3rd period - Patrick Marleau wins face-off versus Kris Vernarsky in neutral zone.
6:01 of 3rd period - Jonathan Ericsson is hit by Brett Clark and loses puck.
6:27 of 3rd period - Slapshot by Alexei Morozov.
6:27 of 3rd period - Stopped by Maxime Daigneault with a rebound.
7:03 of 3rd period - Slapshot by Christian Ehrhoff.
7:03 of 3rd period - Deflect By Ryan Keller.
7:03 of 3rd period - Shot Misses the Net.
7:03 of 3rd period - Puck is out of play.
7:04 of 3rd period - Jeff O'Neill wins face-off versus Erik Rasmussen in Flyers zone.
7:15 of 3rd period - Snap shot by James Van Riemsdyk.
7:15 of 3rd period - Stopped by Robin Lehner without a rebound.
7:16 of 3rd period - Frans Nielsen wins face-off versus Patrick Marleau in Flyers zone.
7:36 of 3rd period - Icing by Jeff Woywitka.
7:37 of 3rd period - Kris Vernarsky wins face-off versus Jeff Carter in Flyers zone.
7:40 of 3rd period - Snap shot by Alexander Steen.
7:40 of 3rd period - Stopped by Robin Lehner without a rebound.
7:41 of 3rd period - Kris Vernarsky wins face-off versus Jeff Carter in Flyers zone.
8:23 of 3rd period - Minor Penalty to Frans Nielsen for Hooking.
8:24 of 3rd period - Kyle Wellwood wins face-off versus Josef Vasicek in Predators zone.
8:27 of 3rd period - Wrist shot by Loui Eriksson.
8:27 of 3rd period - Stopped by Maxime Daigneault with a rebound.
8:57 of 3rd period - Icing by Alexei Morozov.
8:58 of 3rd period - Jeff Carter wins face-off versus Chris Kelly in Flyers zone.
8:58 of 3rd period - Jeff Carter is hit by Adam Burish.
9:05 of 3rd period - Slapshot by Jeff Woywitka.
9:05 of 3rd period - Shot Blocked by Brett Clark.
9:07 of 3rd period - Snap shot by Dany Heatley.
9:07 of 3rd period - Shot Blocked by Barret Jackman.
10:11 of 3rd period - Chris Kelly is hit by Kyle Wellwood and loses puck.
10:23 of 3rd period - Penalty to Frans Nielsen is over, Frans Nielsen is back on ice.
10:52 of 3rd period - Snap shot by Frans Nielsen.
10:52 of 3rd period - Stopped by Robin Lehner with a rebound.
10:54 of 3rd period - Slapshot by Brett Clark.
10:54 of 3rd period - Stopped by Robin Lehner with a rebound.
11:34 of 3rd period - Minor Penalty to Kyle Wellwood for Interference.
11:35 of 3rd period - Michel Ouellet wins face-off versus Frans Nielsen in Flyers zone.
11:39 of 3rd period - Wrist shot by Matthew Lombardi.
11:39 of 3rd period - Deflect By Alexander Ovechkin.
11:39 of 3rd period - Shot Misses the Net.
11:39 of 3rd period - Puck is out of play.
11:40 of 3rd period - Matthew Lombardi wins face-off versus Frans Nielsen in Predators zone.
11:49 of 3rd period - Slapshot by Matthew Lombardi.
11:49 of 3rd period - Stopped by Maxime Daigneault without a rebound.
11:50 of 3rd period - Frans Nielsen wins face-off versus Matthew Lombardi in Predators zone.
12:40 of 3rd period - Icing by Adam Burish.
12:41 of 3rd period - Matthew Lombardi wins face-off versus Kris Vernarsky in Predators zone.
13:34 of 3rd period - Penalty to Kyle Wellwood is over, Kyle Wellwood is back on ice.
13:45 of 3rd period - Ryan Mcdonagh is hit by Matt Smaby and loses puck.
14:14 of 3rd period - Wrist shot by Frans Nielsen.
14:14 of 3rd period - Deflect By Adam Burish.
14:14 of 3rd period - Shot Misses the Net.
14:14 of 3rd period - Puck is out of play.
14:15 of 3rd period - Kris Vernarsky wins face-off versus Jeff Carter in Flyers zone.
14:40 of 3rd period - Eric Nystrom is hit by Kyle Wellwood and loses puck.
14:49 of 3rd period - Slapshot by Brett Clark.
14:49 of 3rd period - Deflect By Jeremy Williams.
14:49 of 3rd period - Shot Misses the Net.
14:49 of 3rd period - Puck is out of play.
14:50 of 3rd period - Kris Vernarsky wins face-off versus Jeff Carter in Flyers zone.
14:55 of 3rd period - Snap shot by Kris Vernarsky.
14:55 of 3rd period - Stopped by Robin Lehner without a rebound.
14:56 of 3rd period - Jeff Carter wins face-off versus Kris Vernarsky in Flyers zone.
15:01 of 3rd period - Barret Jackman is hit by Alexei Morozov and loses puck.
15:28 of 3rd period - Snap shot by Barret Jackman.
15:28 of 3rd period - Shot Blocked by Patrick Marleau.
15:30 of 3rd period - Slapshot by Andrei Markov.
15:30 of 3rd period - Stopped by Robin Lehner with a rebound.
16:40 of 3rd period - Minor Penalty to Alexander Ovechkin for Holding.
16:41 of 3rd period - Josef Vasicek wins face-off versus Jeff Carter in Predators zone.
18:12 of 3rd period - Josef Vasicek is hit by Jeff O'Neill and loses puck.
18:40 of 3rd period - Penalty to Alexander Ovechkin is over, Alexander Ovechkin is back on ice.
18:48 of 3rd period - Minor Penalty to Brett Clark for High sticking.
18:49 of 3rd period - Kyle Wellwood wins face-off versus Josef Vasicek in Predators zone.
19:08 of 3rd period - Josef Vasicek is hit by Dany Heatley and loses puck.
19:47 of 3rd period - Jonathan Ericsson is hit by Ryan Mcdonagh and loses puck.
Goals for this period are 0 for Flyers vs 1 for Predators.
Shots for this period are 6 for Flyers vs 10 for Predators.